 Dungeon Crawl Stone Soup version 0.30-a0-930-gb9d0489357 (webtiles) character file.

Game seed: 14688777628251691643

3005 cforsyth the Ogre Mage (level 9, 0/74 HPs)
             Began as an Ogre Summoner on Mar 24, 2023.
             Was an Initiate of Gozag.
             Slain by a wyvern (10 damage)
             ... on level 8 of the Dungeon.
             The game lasted 00:21:16 (10235 turns).

cforsyth the Ogre Mage (Ogre Summoner)             Turns: 10235, Time: 00:21:17

Health: 0/74       AC:  4    Str: 20    XL:     9   Next: 84%
Magic:  14/22      EV:  9    Int: 20    God:    Gozag
Gold:   287        SH:  0    Dex:  9    Spells: 13/26 levels left

rFire   . . .      SeeInvis .    d - +2 short sword (protect)
rCold   . . .      Faith    .    (no shield)
rNeg    . . .      Spirit   .    a - +0 robe
rPois   .          Reflect  .    (helmet restricted)
rElec   .          Rampage  .    u - +0 cloak
rCorr   .                        (gloves unavailable)
Will    .....                    (boots unavailable)
Stlth   +                        (no amulet)
HPRegen 0.32/turn                h - +6 ring of strength
MPRegen 0.18/turn                (no ring)

@: no status effects
A: large, unfitting armour, tough skin 1
a: Renounce Religion, Potion Petition, Call Merchant, Bribe Branch


You were on level 8 of the Dungeon.
You worshipped Gozag.
Gozag was aware of your devotion.
You visited 2 branches of the dungeon, and saw 9 of its levels.
You also visited: Sewer.

You collected 372 gold pieces.
You paid 85 gold pieces to Gozag.

Inventory:

Hand Weapons
 d - a +2 short sword of protection (weapon)
Armour
 a - a +0 robe (worn)
 u - a +0 cloak (worn)
Jewellery
 h - a +6 ring of strength (left hand)
 B - a ring of magical power
Wands
 F - a wand of mindburst (21)
Scrolls
 e - 2 scrolls of brand weapon {unknown}
 i - a scroll of magic mapping
 j - 4 scrolls of teleportation
 o - a scroll of summoning {unknown}
 p - a scroll of fear {unknown}
 q - a scroll of fog
 s - 2 scrolls of vulnerability {unknown}
 t - a scroll of enchant weapon {unknown}
 v - 3 scrolls of poison
 y - a scroll of torment {unknown}
 z - 2 scrolls of identify
 A - a scroll of amnesia {unknown}
 C - a scroll of enchant armour {unknown}
 D - a scroll of noise {unknown}
 E - a scroll of blinking {unknown}
Potions
 b - a potion of magic
 c - a potion of resistance
 f - 2 potions of might
 g - a potion of curing
 k - 4 potions of flight
 l - a potion of cancellation
 m - 2 potions of brilliance
 n - a potion of mutation {unknown}
 r - 2 potions of heal wounds {unknown}
 w - 2 potions of haste {unknown}
 x - a potion of invisibility {unknown}


   Skills:
 - Level 1.7 Dodging
 - Level 1.4 Stealth
 + Level 9.0 Spellcasting
 - Level 4.0 Hexes
 + Level 8.2 Summonings
 - Level 5.0 Air Magic


You had 13 spell levels left.
You knew the following spells:

 Your Spells              Type           Power      Damage    Failure   Level
a - Summon Small Mammal   Summ           100%       N/A       1%          1
b - Call Imp              Summ           41%        N/A       1%          2
c - Call Canine Familiar  Summ           41%        N/A       1%          3
d - Summon Guardian Gole  Hex/Summ       33%        N/A       1%          3
e - Summon Lightning Spi  Summ/Air       35%        N/A       4%          4

Your spell library contained the following spells:

 Spells                   Type           Power      Damage    Failure   Level
 Poisonous Vapours        Pois/Air       38%        N/A       4%          2
 Cigotuvi's Dreadful Rot  Necr/Pois/Air  30%        N/A       6%          2
 Mephitic Cloud           Conj/Pois/Air  15%        N/A       12%         3
 Yara's Violent Unravell  Hex/Tmut       8%         3d5       67%         5
 Enfeeble                 Hex            12%        N/A       100%        7


Dungeon Overview and Level Annotations

Branches:
Dungeon (7/15)             Temple (1/1) D:6           Sewer (visited)

Altars:
Ashenzari
Cheibriados
Dithmenos
Elyvilon
Gozag
Makhleb
Nemelex Xobeh
Okawaru
Trog
Uskayaw
Wu Jian
Xom
Yredelemnul
The Shining One

Annotations:
D:3 4 runed translucent doors, Crazy Yiuf; Zdeegee's ghost, amateur MiFi


Innate Abilities, Weirdness & Mutations

You are too large for most types of armour.
You have tough skin. (AC +1)


Message History

A wyvern and a white imp come into view.
The white imp shouts!
The wyvern hisses angrily.
A centaur comes into view.
There are monsters nearby!
There are monsters nearby!
Casting: Summon Lightning Spire (dangerous; 4% risk of failure)
Confirm with . or Enter, or press ? or * to list all spells.
You miscast Summon Lightning Spire.
You are very lightly contaminated with residual magic.
Nothing appears to happen.
The centaur shouts!
The centaur wields a +0 shortbow.
The centaur shoots an arrow.
The arrow hits you. The white imp gestures at you. The puff of frost hits you!
The centaur shoots an arrow.
The arrow hits you!
You see here 5 curare-tipped darts.
The white imp gestures at you. The puff of frost hits you!
The centaur shoots an arrow.
The arrow barely misses you.
The centaur shoots an arrow.
The arrow barely misses you.
The centaur shoots an arrow.
The arrow hits you. The wyvern bites you.
Your magical contamination has completely faded away.
Casting: Summon Lightning Spire (dangerous; 4% risk of failure)
Confirm with . or Enter, or press ? or * to list all spells.
The wyvern bites you! The wyvern bites you.
Casting: Call Canine Familiar (safe; 1% risk of failure)
Confirm with . or Enter, or press ? or * to list all spells.
A guardian golem appears, shielding your allies.
Your hound bites the wyvern but does no damage.
The wyvern bites your hound.
Your hound bites the wyvern.
Unknown command.
The wyvern attacks as you move away! The wyvern bites you!
* * * LOW HITPOINT WARNING * * *
Your hound bites the wyvern but does no damage.
The wyvern bites you!
You die...
Your body crumbles into a pile of gold.

............#
..8..5..8..#
.......l.c.#
#.##.# #(##.# $
#....# $ ##.#.#
#.#.######
..#..cl@9##.##
#######h#.......
.♣#.#............
♣.
#.#.#........#. .
#.#.##.......# .
#............# $
#.#####.....##
#########.#
#...... ..
#.#.......#
#...### ##.##


You could see a wyvern (ally target), a centaur, a friendly guardian golem
(summoned) and a friendly hound (summoned, sheltered).

Vanquished Creatures
  A phantom (D:5)
  2 rats (Sewer)
3 creatures vanquished.

Vanquished Creatures (collateral kills)
  A steam dragon (D:6)
  2 ice beasts (D:6)
  A sky beast (D:6)
  A centaur (D:6)
  3 kobold brigands (Sewer)
  3 scorpions
  3 wights (D:8)
  A howler monkey (D:6)
  4 crimson imps (D:6)
  A hound (D:5)
  6 orc priests
  5 orc wizards
  4 iguanas
  12 adders
  7 river rats (Sewer)
  A white imp (D:6)
  An ufetubus (D:4)
  4 worms
  4 dart slugs
  24 orcs
  15 ball pythons
  5 bats
  8 endoplasms
  5 giant cockroaches
  5 goblins
  5 hobgoblins
  19 kobolds
  6 quokkas
  6 frilled lizards
  31 rats
193 creatures vanquished.

Vanquished Creatures (others)
  A komodo dragon (D:6)
  A black bear (D:6)
  A kobold brigand (Sewer)
  6 wights (D:8)
  A scorpion (D:6)
  2 orc priests
  3 orc wizards
  2 river rats (Sewer)
  An endoplasm (Sewer)
  A kobold (D:4)
  A ball python (Sewer)
  A rat (Sewer)
  4 plants (D:3)
25 creatures vanquished.

Grand Total: 221 creatures vanquished

Notes
Turn   | Place    | Note
-------+----------+-------------------------------------------
     0 | D:1      | cforsyth the Ogre Summoner began the quest for the Orb.
     0 | D:1      | Reached XP level 1. HP: 16/16 MP: 3/3
   189 | D:1      | Reached XP level 2. HP: 24/24 MP: 3/5
   218 | D:1      | Learned a level 2 spell: Call Imp
   403 | D:1      | Reached skill level 3 in Spellcasting
   685 | D:1      | Reached XP level 3. HP: 31/31 MP: 3/7
   901 | D:1      | Learned a level 3 spell: Call Canine Familiar
  2015 | D:2      | Reached XP level 4. HP: 39/39 MP: 5/9
  2082 | D:2      | Learned a level 3 spell: Summon Guardian Golem
  2381 | D:3      | Reached skill level 4 in Spellcasting
  2596 | D:3      | Identified the +3 short sword of Makhleb's Indignation
                  | {flame, rC+ Str+4}
  2653 | D:3      | Reached skill level 1 in Hexes
  2735 | D:3      | Reached XP level 5. HP: 45/45 MP: 3/11
  2976 | D:3      | Found a runed translucent gate.
  2979 | D:3      | Found a runed translucent gate.
  2979 | D:3      | Found a runed translucent gate.
  2979 | D:3      | Noticed Zdeegee's ghost (amateur MiFi)
  2979 | D:3      | Noticed a kobold brigand
  3026 | D:3      | Found a runed translucent door.
  3027 | D:3      | Noticed Crazy Yiuf
  3712 | D:4      | Reached skill level 5 in Summonings
  3712 | D:4      | Reached XP level 6. HP: 53/53 MP: 6/13
  3849 | D:4      | Reached skill level 5 in Spellcasting
  4349 | D:4      | Reached XP level 7. HP: 59/59 MP: 8/14
  4396 | D:4      | Found a hide-covered altar of Uskayaw.
  4902 | D:5      | Entered Level 5 of the Dungeon
  4918 | D:5      | Found a glowing drain.
  4927 | Sewer    | Entered a sewer
  5499 | Sewer    | Reached skill level 6 in Spellcasting
  5902 | Sewer    | Learned a level 4 spell: Summon Lightning Spire
  5980 | Sewer    | Reached skill level 1 in Air Magic
  5980 | Sewer    | Reached XP level 8. HP: 22/67 MP: 5/17
  7079 | D:5      | Found a white marble altar of Elyvilon.
  7328 | D:5      | Found an ornate altar of the Wu Jian Council.
  7862 | D:6      | Reached skill level 7 in Spellcasting
  8508 | D:6      | Reached XP level 9. HP: 27/74 MP: 7/20
  8891 | D:6      | Found a staircase to the Ecumenical Temple.
  8891 | D:6      | Noticed a komodo dragon
  8906 | D:6      | Killed a komodo dragon
  8907 | D:6      | Reached skill level 8 in Spellcasting
  8973 | Temple   | Entered the Ecumenical Temple
  9082 | Temple   | Became a worshipper of Gozag Ym Sagoz the Greedy
  9578 | D:6      | Found a sparkling altar of Nemelex Xobeh.
  9606 | D:6      | Found a shimmering altar of Xom.
  9769 | D:7      | You fall into a shaft and drop 1 floor!
  9879 | D:8      | Reached skill level 5 in Air Magic
  9966 | D:8      | Reached skill level 9 in Spellcasting
 10235 | D:8      | Slain by a wyvern

Illustrated notes

Levels and vault maps discovered:
D:1:      shiori_arrival_elements, layout_loops_ring, minmay_misc_feat_roman,
          minmay_surrounded
D:2:      layout_basic
D:3:      layout_basic, gammafunk_ghost_nasty_kobolds, minmay_vboxes,
          uniq_crazy_yiuf_cottage
D:4:      layout_basic, nicolae_overflow_hidden_temple
D:5:      layout_cave_pools, kennysheep_mini, mainiacjoe_overflow_24_doors,
          cheibrodos_sewer_entry_drain
D:6:      layout_cave_pools, nemelex_spade_bored_becter, led_xom_imps,
          temple_fountains, amethyst_killhole
D:7:      layout_cave_pools, general_overflow_altar, serial_shops,
          nicolae_shop_bloodbath_and_beyond, nicolae_shop_behind_doors
D:8:      layout_loops_cross, grunt_qazlal_clouds,
          nicolae_hepliaklqana_monster_ancestors, ebering_ghost_rock_garden,
          st_stairs_1, hangedman_decor_diamond_cutter
Temple:   kb_temple_of_zot

Skill      XL: |  1  2  3  4  5  6  7  8  9 |
---------------+----------------------------+-----
Spellcasting   | 3 4 5 6 7 9 |  9.0
Summonings     | 4 5 6 7 8 |  8.2
Hexes          | 1 2 3 4 |  4.0
Air Magic      | 1 3 5 |  5.0
Dodging        | |  1.7
Stealth        | |  1.4

Action                     |  1- 3 |  4- 6 |  7- 9 || total
---------------------------+-------+-------+-------++-------
  Melee: Unarmed           |     1 |     1 |       ||     2
         Short sword       |       |       |    13 ||    13
   Cast: Summon Small Mamm |    44 |    29 |    57 ||   130
         Call Imp          |    10 |    15 |    32 ||    57
         Call Canine Famil |    11 |    23 |    45 ||    79
         Summon Guardian G |       |     3 |    23 ||    26
         Summon Lightning  |       |       |    10 ||    10
    Use: Scroll            |       |     8 |     2 ||    10
         Potion            |       |       |     2 ||     2
   Stab: Distracted        |       |       |     1 ||     1
 Armour: Robe              |    13 |     8 |    44 ||    65
  Dodge: Dodged            |    22 |    20 |    61 ||   103

Table legend: (Time is in decaauts)
 A = Elapsed time spent in this place.
 B = Non-inter-level travel time spent in this place.
 C = Inter-level travel time spent in this place.
 D = Time resting spent in this place.
 E = Time spent auto-exploring this place.
 F = Levels seen in this place.
 G = Mean time per level.
                   A        B        C        D        E       F      G
               +--------+--------+--------+--------+--------+-----+--------+
         Total |  10242 |   9982 |    260 |   1937 |   5776 |  10 | 1024.2 |
       Dungeon |   8432 |   8222 |    210 |   1444 |   4934 |   8 | 1054.0 |
        Temple |    143 |     93 |     50 |      0 |     82 |   1 |  143.0 |
         Sewer |   1666 |   1666 |      0 |    493 |    760 |   1 | 1666.0 |
               +--------+--------+--------+--------+--------+-----+--------+

Top non-repeatable levels by time:
     D:5: 1862 daAuts
   Sewer: 1666 daAuts
     D:1: 1635 daAuts
     D:4: 1448 daAuts
     D:6: 1128 daAuts
     D:3: 1105 daAuts
     D:2: 712 daAuts
     D:8: 465 daAuts
  Temple: 143 daAuts
     D:7: 74 daAuts
